 Dungeon Crawl Stone Soup version 0.29-a0-919-gd064cfad1c (webtiles) character file.

Game seed: 10095577066861311599

18 Hubjo the Insei (level 2, 0/21 HPs)
             Began as a Demonspawn Transmuter on July 26, 2022.
             Succumbed to a goblin's poison
             ... on level 1 of the Dungeon.
             The game lasted 00:01:08 (428 turns).

Hubjo the Insei (Demonspawn Transmuter)              Turns: 428, Time: 00:01:09

Health: 0/21       AC:  2    Str: 10    XL:     2   Next: 48%
Magic:  4/5        EV: 12    Int: 14    God:
Gold:   17         SH:  0    Dex: 13    Spells: 4/5 levels left

rFire   . . .      SeeInvis .     - Unarmed
rCold   . . .      Faith    .   (no shield)
rNeg    . . .      Spirit   .   a - +0 robe
rPois   .          Reflect  .   (helmet currently unavailable)
rElec   .          Harm     .   (no cloak)
rCorr   .          Rampage  .   (no gloves)
Will    .....                   (boots currently unavailable)
Stlth   +.........              (no amulet)
HPRegen 0.07/turn               (no ring)
MPRegen 0.09/turn               (no ring)

@: lethally poisoned (0 -> -9), appendages (expiring)
A: horns 2, talons 2, demonic guardian 1
a: End Transformation


You were on level 1 of the Dungeon.
You had temporarily grown beastly horns and talons.
You visited 1 branch of the dungeon, and saw 1 of its levels.

You collected 17 gold pieces.

Inventory:

Armour
 a - a +0 robe (worn)
Scrolls
 d - 2 scrolls of identify {unknown}
Potions
 b - a potion of lignification
 c - a potion of might {unknown}


   Skills:
 + Level 1.4 Fighting
 + Level 2.0 Dodging
 + Level 2.8 Unarmed Combat
 + Level 2.2 Spellcasting
 + Level 2.0 Transmutations


You had 4 spell levels left.
You knew the following spells:

 Your Spells              Type           Power      Damage    Failure   Level
a - Beastly Appendage     Tmut           14%        N/A       10%         1

Your spell library contained the following spells:

 Spells                   Type           Power      Damage    Failure   Level
 Wereblood                Tmut           7%         N/A       16%         2
 Spider Form              Tmut/Pois      4%         N/A       43%         3
 Ice Form                 Ice/Tmut       4%         N/A       83%         4


Dungeon Overview and Level Annotations

Branches:
Dungeon (1/15)

Altars:


Innate Abilities, Weirdness & Mutations

You have temporarily grown beastly horns and talons.
A weak demonic guardian rushes to your aid.


Message History

No target in view!
No target in view!
Your transformation is almost over.
A hobgoblin and a goblin come into view.
The goblin is wielding a +1 dagger of venom.
Found 2 scrolls labelled JOP SIUKHLEI.
The hobgoblin moves out of view.
A goblin is nearby!
A goblin is nearby!
You extend your transformation's duration.
The goblin shouts!
You hear an angry hiss.
A ball python comes into view.
The ball python moves out of view.
The goblin barely misses you.
You hit the hobgoblin. You claw the hobgoblin. You punch the hobgoblin.
The hobgoblin is almost dead.
The goblin hits you but does no damage. The hobgoblin hits you.
You hit the hobgoblin.
You kill the hobgoblin!
The goblin hits you with a +1 dagger of venom.
You hit the ball python.
The ball python is severely wounded.
The ball python bites you. The ball python closely misses you.
The goblin hits you with a +1 dagger of venom.
You are poisoned.
The ball python closely misses you. The ball python grabs you.
The ball python constricts you.
You escape the ball python's grasp.
The goblin attacks as you move away!
The goblin hits you with a +1 dagger of venom.
You are more poisoned.
* * * LOW HITPOINT WARNING * * *
You feel very sick.
You hit the goblin. You claw the goblin.
You kill the goblin!
Your transformation is almost over.
* * * LOW HITPOINT WARNING * * *
You feel very sick.
You barely miss the ball python. Your kick misses the ball python.
You headbutt the ball python.
You kill the ball python!
You die...

.......###.### #.
.#.#......... ..
.#.#.....#.#####...# #
.#.#..†.....[......#.# #
.#.#..[###.######..#.#.#
.......##..............##
...#..###..###..##.......
.#..............##.......
.#.#..###..###..@)....?..
.#.#.......# #..##.......
........#### #..# .......
......### #..# .......
.#.#..# #... ...####
......# ##.###### .#.#..#
... .#.#..# #.# .#.. .#


There were no monsters in sight!

Vanquished Creatures
  A bat (D:1)
  3 hobgoblins (D:1)
  2 quokkas (D:1)
  5 ball pythons (D:1)
  4 goblins (D:1)
15 creatures vanquished.

Notes
Turn   | Place    | Note
-------+----------+-------------------------------------------
     0 | D:1      | Hubjo the Demonspawn Transmuter began the quest for the
                  | Orb.
     0 | D:1      | Reached XP level 1. HP: 15/15 MP: 3/3
   284 | D:1      | Gained mutation: A weak demonic guardian rushes to your
                  | aid. [demonic ancestry]
   284 | D:1      | Reached XP level 2. HP: 21/21 MP: 3/5
   428 | D:1      | Succumbed to a goblin's poison

Illustrated notes

Levels and vault maps discovered:
D:1:      dpeg_arrival_refuge, layout_basic, minmay_pentomino_q4

Skill      XL: |  1  2 |
---------------+-------+-----
Dodging        | 2 |  2.0
Transmutations | 2 |  2.0
Fighting       | |  1.4
Unarmed Combat | |  2.8
Spellcasting   | |  2.2

Action                   || total
-------------------------++-------
Melee: Unarmed           ||    39
       Kick              ||     6
       Headbutt          ||     4
       Punch             ||     1
 Cast: Beastly Appendage ||     8
Armor: Robe              ||     5
Dodge: Dodged            ||    28

Table legend: (Time is in decaauts)
 A = Elapsed time spent in this place.
 B = Non-inter-level travel time spent in this place.
 C = Inter-level travel time spent in this place.
 D = Time resting spent in this place.
 E = Time spent auto-exploring this place.
 F = Levels seen in this place.
 G = Mean time per level.
                   A        B        C        D        E       F      G
               +--------+--------+--------+--------+--------+-----+--------+
         Total |    426 |    426 |      0 |      0 |    334 |   1 |  426.0 |
       Dungeon |    426 |    426 |      0 |      0 |    334 |   1 |  426.0 |
               +--------+--------+--------+--------+--------+-----+--------+

Top non-repeatable levels by time:
     D:1: 426 daAuts
